Construct Infanterie Kompanie
Construct Infanterie Kompanie
Selects Luftwaffe Battlegroup
Selects Luftwaffe Pioneer Support
Selects Stuka Strafing Run
Construct Panzergrenadier Kompanie
Selects LG40 Recoilless Gun Paradrop
LG40 Recoilless Gun Paradrop
Pak 40 Anti-tank Gun Team
Fallschirmpioneer Squad Paradrop
Selects Flak 36 Anti-tank Gun Emplacement
Selects Fallschirmjäger Squad Paradrop
Construct Panzer Kompanie
Fallschirmpioneer Squad Paradrop